[Event "Titled Tuesday Blitz June 21 Late 2022"]
[White "Ambartsumova, Karina"]
[Black "Dilmukhametov, Artur"]
[WhiteFideId "4166299"]
[BlackFideId "24179922"]
[WhiteElo "2574"]
[BlackElo "2330"]
[Result "1-0"]
[Round "06"]
[TimeControl "180+1"]
[Date "2022.06.22"]
[WhiteClock "0:01:11"]
[BlackClock "0:00:05"]

1. Nf3 d5 2. c4 c6 3. d4 Nf6 4. g3 a6 5. Bg2 dxc4 6. Ne5 Be6 7. Na3 Bd5 8. f3 b5 9. e4 Be6 10. O-O Nfd7 11. f4 Nxe5 12. fxe5 Bd7 13. d5 e6 14. d6 c5 15. Qh5 g6 16. Qf3 f6 17. Bg5 Bxd6 18. Bxf6 O-O 19. Bxd8 Rxf3 20. Rxf3 Bxe5 21. Bf6 Nc6 22. Bxe5 Nxe5 23. Rf2 b4 24. Nc2 Nd3 25. Rd2 Bb5 26. Ne1 Ne5 27. Rad1 Rf8 28. Rd8 Ng4 29. Rxf8+ Kxf8 30. Nc2 Ne5 31. Bf1 Ke7 32. Kf2 Ng4+ 33. Kg1 Ne5 34. h3 g5 35. Kf2 h5 36. Ne3 c3 37. bxc3 bxc3 38. Rc1 Bxf1 39. Kxf1 Nf3 40. Rxc3 Kd6 41. Nc4+ 1-0


[Site "https://www.chess.com"]

[Event "Titled Tuesday Blitz June 21 Late 2022"]
[White "Andreikin, Dmitry"]
[Black "Ivic, Velimir"]
[WhiteFideId "4158814"]
[BlackFideId "950122"]
[WhiteElo "2736"]
[BlackElo "2610"]
[Result "1-0"]
[Round "06"]
[TimeControl "180+1"]
[Date "2022.06.21"]
[WhiteClock "0:00:14"]
[BlackClock "0:00:03"]

1. Nf3 Nf6 2. g3 g6 3. b3 Bg7 4. Bb2 O-O 5. Bg2 d6 6. d4 b5 7. Qd3 a6 8. O-O Bb7 9. c4 Nbd7 10. Nc3 c5 11. cxb5 axb5 12. Nxb5 Qb6 13. a4 Be4 14. Qe3 Qb7 15. Rfc1 Rfc8 16. Bh3 cxd4 17. Bxd4 Rxc1+ 18. Rxc1 Nc5 19. Bxc5 dxc5 20. Nd2 Bc6 21. Qxc5 Ra6 22. Nc4 Ne4 23. Qe3 Bd5 24. Nd2 Nxd2 25. Rc8+ Bf8 26. Qxd2 Rc6 27. Rxc6 Qxc6 28. Nd4 Qc5 29. Bg2 e5 30. Bxd5 Qxd5 31. Nf3 Qxb3 32. a5 e4 33. Nd4 Qa4 34. Nc2 Qa2 35. Qc3 Bg7 36. Qc8+ Bf8 37. a6 Qb1+ 38. Kg2 Qb6 39. Qb7 Bc5 40. Qxb6 Bxb6 41. Nb4 1-0


[Site "https://www.chess.com"]

[Event "Titled Tuesday Blitz June 21 Late 2022"]
[White "Arnold, Ken"]
[Black "Souleidis, Georgios"]
[WhiteFideId "2056836"]
[BlackFideId "4206827"]
[WhiteElo "2321"]
[BlackElo "2401"]
[Result "1-0"]
[Round "06"]
[TimeControl "180+1"]
[Date "2022.06.22"]
[WhiteClock "0:00:40"]
[BlackClock "0:00:07"]

1. d4 Nf6 2. c4 g6 3. Nf3 Bg7 4. Nc3 O-O 5. Bf4 c5 6. e3 cxd4 7. exd4 d5 8. c5 Nc6 9. a3 Bg4 10. Be2 Ne4 11. Be3 Nxc3 12. bxc3 Qa5 13. Qd2 Rad8 14. O-O Bxf3 15. Bxf3 e5 16. Rfd1 e4 17. Be2 f5 18. Rdb1 Qc7 19. Bf4 Qf7 20. Bd6 f4 21. Bxf8 Rxf8 22. f3 g5 23. Rb5 g4 24. Rab1 gxf3 25. gxf3 Nd8 26. Kh1 Kh8 27. Rg1 Re8 28. Qa2 a6 29. Rb6 Nc6 30. fxe4 Rxe4 31. Bf3 Qe7 32. Qxd5 Re1 33. Rb1 Rxb1 34. Rxb1 Bf6 35. Rg1 Bg7 36. Qg5 Qd7 37. Qxf4 a5 38. Qd6 Qf7 39. Bd5 Qe8 40. Qe6 Qf8 41. Qf7 Qxf7 42. Bxf7 a4 43. Bd5 Na5 44. Rb1 1-0


[Site "https://www.chess.com"]

[Event "Titled Tuesday Blitz June 21 Late 2022"]
[White "Artemenko, Oleg"]
[Black "Roman, Rodrigo"]
[WhiteFideId "14201798"]
[BlackFideId "3701220"]
[WhiteElo "2287"]
[BlackElo "2001"]
[Result "1-0"]
[Round "06"]
[TimeControl "180+1"]
[Date "2022.06.22"]
[WhiteClock "0:00:56"]
[BlackClock "0:00:11"]

1. e4 e6 2. d4 d5 3. e5 c5 4. c3 Nc6 5. Nf3 Nge7 6. a3 a5 7. Bd3 h6 8. O-O c4 9. Bc2 b5 10. Nbd2 Rb8 11. Re1 g5 12. Nf1 Ng6 13. Ng3 Bg7 14. Nh5 O-O 15. Nxg5 hxg5 16. Qg4 Bh6 17. Nf6+ Kg7 18. h4 Nxh4 19. f4 Ne7 20. fxg5 Nhf5 21. gxh6+ Kh8 22. Bg5 Rg8 23. Nxg8 Qxg8 24. h7 Qg6 25. Bf6+ Kxh7 26. Qh3+ Qh6 27. Bxe7 Bd7 28. Qxh6+ Kxh6 29. Bf6 Rg8 30. Kf2 Rg4 31. Rh1+ Kg6 32. g3 b4 33. axb4 axb4 34. Ra8 Rh4 35. Rxh4 Bc8 36. Rxc8 b3 37. Rg8# 1-0


[Site "https://www.chess.com"]

[Event "Titled Tuesday Blitz June 21 Late 2022"]
[White "Avazkhonov, Alikhon"]
[Black "Kovacevic, Radmila"]
[WhiteFideId "14208504"]
[BlackFideId "933171"]
[WhiteElo "1739"]
[BlackElo "2115"]
[Result "1-0"]
[Round "06"]
[TimeControl "180+1"]
[Date "2022.06.22"]
[WhiteClock "0:01:53"]
[BlackClock "0:01:37"]

1. d4 e5 2. dxe5 Nc6 3. Nf3 Qe7 4. Nc3 Nxe5 5. Nxe5 Qxe5 6. e4 Nf6 7. f4 Qe6 8. Qd4 c5 9. Qc4 a6 10. Be3 b5 11. Qxe6+ fxe6 12. O-O-O b4 13. Na4 Nxe4 14. Nb6 Rb8 15. Nxc8 Rxc8 16. Bxa6 d5 17. Bxc8 Kf7 18. f5 1-0


[Site "https://www.chess.com"]

[Event "Titled Tuesday Blitz June 21 Late 2022"]
[White "Bachmann, Axel"]
[Black "Jiganchine, Roman"]
[WhiteFideId "3700488"]
[BlackFideId "2603667"]
[WhiteElo "2587"]
[BlackElo "2227"]
[Result "1/2-1/2"]
[Round "06"]
[TimeControl "180+1"]
[Date "2022.06.22"]
[WhiteClock "0:00:15"]
[BlackClock "0:01:03"]

1. e4 c6 2. d4 d5 3. Nd2 dxe4 4. Nxe4 Nf6 5. Nxf6+ exf6 6. c3 Bd6 7. Bc4 O-O 8. Ne2 Na6 9. O-O Nc7 10. Bf4 Re8 11. Bxd6 Qxd6 12. Qd2 Be6 13. Bxe6 fxe6 14. Rad1 Rad8 15. Qf4 e5 16. Qg3 exd4 17. Qxd6 Rxd6 18. Rxd4 Rd5 19. Rxd5 Nxd5 20. Nd4 c5 21. Nb3 b6 22. g3 Re2 23. Rd1 Ne7 24. Rd2 Rxd2 25. Nxd2 Kf7 26. Kf1 Ke6 27. Ke2 Kd5 28. Kd3 Nc6 29. f4 h5 30. Nf3 a5 31. c4+ Ke6 32. a3 f5 33. b3 g6 34. h4 Kf6 35. Ke3 Ke6 36. Kd3 Kf6 37. Ke3 Ke6 38. Kd3 1/2-1/2


[Site "https://www.chess.com"]

[Event "Titled Tuesday Blitz June 21 Late 2022"]
[White "Barp, Alberto"]
[Black "Taboas Rodriguez, Daniel"]
[WhiteFideId "872555"]
[BlackFideId "2208466"]
[WhiteElo "2229"]
[BlackElo "2429"]
[Result "1-0"]
[Round "06"]
[TimeControl "180+1"]
[Date "2022.06.21"]
[WhiteClock "0:00:24"]
[BlackClock "0:00:03"]

1. d4 Nf6 2. Nf3 g6 3. g3 b6 4. Bg2 Bb7 5. O-O Bg7 6. b3 O-O 7. Bb2 c5 8. dxc5 bxc5 9. c4 Nc6 10. Nc3 d6 11. Qd2 a5 12. Rfe1 Nd7 13. Rad1 Nd4 14. Nxd4 Bxg2 15. Kxg2 Bxd4 16. e3 Bg7 17. a4 Rb8 18. Nb5 Bxb2 19. Qxb2 Qb6 20. h4 h5 21. Qc3 Ne5 22. Qc2 Qc6+ 23. e4 f5 24. Rd5 Ng4 25. exf5 Nf6 26. Nc3 Nxd5 27. Nxd5 Rxf5 28. Rxe7 Kf8 29. Qc3 Re5 30. Rxe5 dxe5 31. Qxe5 Re8 32. Qh8+ Kf7 33. Qh7+ Ke6 34. Qxg6+ Kd7 35. Qxh5 Kc8 36. Qg4+ Kb7 37. Qg7+ Ka8 38. Qc3 Kb7 39. Qxa5 Qe6 40. Qb5+ Ka7 41. Qxc5+ Ka6 42. Nc7+ 1-0


[Site "https://www.chess.com"]

[Event "Titled Tuesday Blitz June 21 Late 2022"]
[White "Barria Zuniga, Daniel"]
[Black "Rios Escobar, Adan"]
[WhiteFideId "3400816"]
[BlackFideId "3403645"]
[WhiteElo "2414"]
[BlackElo "2446"]
[Result "1-0"]
[Round "06"]
[TimeControl "180+1"]
[Date "2022.06.22"]
[WhiteClock "0:00:31"]
[BlackClock "0:00:24"]

1. d4 Nf6 2. c4 g6 3. Nc3 Bg7 4. e4 d6 5. Be2 O-O 6. Nf3 Na6 7. Be3 e5 8. d5 Ng4 9. Bg5 f6 10. Bh4 g5 11. Bg3 Nh6 12. Nd2 f5 13. f3 f4 14. Bf2 b6 15. a3 Kh8 16. b4 Rg8 17. g4 fxg3 18. hxg3 g4 19. Be3 gxf3 20. Nxf3 Nf7 21. Qd2 Bf6 22. Kf2 Bg4 23. Rh2 Rg7 24. c5 Bxf3 25. Kxf3 Ng5+ 26. Kg2 Qc8 27. Qd3 Nxc5 28. bxc5 bxc5 29. Qa6 Qg8 30. Rb1 Ne6 31. dxe6 Rxg3+ 32. Kf2 Rf8 33. Rbh1 Bh4+ 34. Ke1 Rh3+ 35. Kd2 Rxh2 36. Rxh2 Qg3 37. Rxh4 Qxh4 38. Qc6 Qe7 39. Qd7 Qxd7 40. exd7 Rd8 41. Bb5 Kg7 42. Bg5 Rxd7 43. Bxd7 Kg6 44. Bd8 h5 45. Bxc7 h4 46. Bxd6 h3 47. Bxh3 c4 48. Bxe5 a5 49. Be6 a4 50. Ke3 Kg5 51. Kd4 Kg6 52. Kxc4 Kg5 53. Kb4 Kg6 54. Kxa4 Kg5 55. Kb4 Kg6 56. Kc4 Kg5 57. Kd4 Kg6 58. Ke3 Kg5 59. Kf3 Kg6 60. Kg4 Kh6 61. Ne2 Kg6 62. Nd4 Kh6 63. Bd5 Kg6 64. a4 Kh6 65. a5 Kg6 66. a6 Kh6 67. a7 Kg6 68. a8=Q Kh6 69. Qh8+ Kg6 70. Qg7# 1-0


[Site "https://www.chess.com"]

[Event "Titled Tuesday Blitz June 21 Late 2022"]
[White "Bilych, Olexiy"]
[Black "Culum, Sanjin"]
[WhiteFideId "14156504"]
[BlackFideId "14420937"]
[WhiteElo "2189"]
[BlackElo "2013"]
[Result "1-0"]
[Round "06"]
[TimeControl "180+1"]
[Date "2022.06.22"]
[WhiteClock "0:00:22"]
[BlackClock "0:00:20"]

1. e4 c5 2. Nf3 Nc6 3. Bb5 g6 4. O-O Bg7 5. Bxc6 bxc6 6. e5 f6 7. Re1 Qc7 8. Qe2 fxe5 9. Nxe5 Bxe5 10. Qxe5 Qxe5 11. Rxe5 d6 12. Re1 Bf5 13. d3 c4 14. dxc4 Bxc2 15. Nc3 Nf6 16. Be3 Kf7 17. Rac1 Bf5 18. c5 Rhe8 19. b4 Nd7 20. b5 cxb5 21. c6 Ne5 22. Nxb5 Nd3 23. Nc7 Nxe1 24. Rxe1 Rac8 25. Nxe8 Kxe8 26. Bxa7 Rxc6 27. h3 Ra6 28. Be3 Rxa2 29. Bg5 Ra7 30. g4 Bd3 31. Kg2 Kf7 32. Kg3 e6 33. Rc1 e5 34. f4 e4 35. f5 gxf5 36. gxf5 e3 37. Bxe3 Ra3 38. Kf4 Bxf5 39. Kxf5 Rxe3 40. Rc7+ Re7 41. Rc8 1-0


[Site "https://www.chess.com"]

[Event "Titled Tuesday Blitz June 21 Late 2022"]
[White "Bluebaum, Matthias"]
[Black "Christiansen, Johan-Sebastian"]
[WhiteFideId "24651516"]
[BlackFideId "1512668"]
[WhiteElo "2556"]
[BlackElo "2513"]
[Result "1/2-1/2"]
[Round "06"]
[TimeControl "180+1"]
[Date "2022.06.21"]
[WhiteClock "0:00:16"]
[BlackClock "0:00:07"]

1. d4 d5 2. c4 dxc4 3. e4 e5 4. Nf3 exd4 5. Bxc4 Nc6 6. O-O Be6 7. Bb5 Bc5 8. b4 Bb6 9. a4 a6 10. Bxc6+ bxc6 11. a5 Ba7 12. Bb2 Nf6 13. Bxd4 Bxd4 14. Nxd4 Qd6 15. Nxe6 Qxe6 16. Nc3 O-O 17. Qe2 Qe5 18. Rac1 Rfd8 19. Kh1 Qd4 20. e5 Re8 21. f4 Qxb4 22. Qf3 Nd5 23. Nxd5 cxd5 24. Qxd5 Rad8 25. Qc5 Qa4 26. Qxc7 Rd5 27. h3 Qxa5 28. Qc6 Qb5 29. Qc2 Red8 30. Rb1 Qd7 31. Qe4 Rd4 32. Qb7 a5 33. Qxd7 R4xd7 34. Ra1 Ra8 35. Ra4 g6 36. Rc1 Rd5 37. Rc6 Rb5 38. Kh2 Kg7 39. h4 h5 40. Kh3 Rd8 41. Rc3 Rdd5 42. Rca3 Rdc5 43. Rd3 Rc1 44. Kg3 Rcc5 45. Rda3 Rd5 46. Rc3 Rd1 47. Rca3 Rdd5 48. Rc3 Rd1 49. Rca3 Rd2 50. Rxa5 Rbb2 51. Ra7 Rxg2+ 52. Kf3 Rbf2+ 53. Ke4 Rg4 54. Rf3 Rxf3 55. Kxf3 Kg8 56. Ra8+ Kg7 57. Ra7 Kf8 58. Ra8+ Kg7 59. Ra7 1/2-1/2


[Site "https://www.chess.com"]

[Event "Titled Tuesday Blitz June 21 Late 2022"]
[White "Bortnyk, Olexandr"]
[Black "Corrales Jimenez, Fidel"]
[WhiteFideId "14120828"]
[BlackFideId "3506690"]
[WhiteElo "2723"]
[BlackElo "2541"]
[Result "0-1"]
[Round "06"]
[TimeControl "180+1"]
[Date "2022.06.21"]
[WhiteClock "0:00:01"]
[BlackClock "0:00:17"]

1. d4 Nf6 2. Nc3 d5 3. Bf4 g6 4. e3 Bg7 5. h4 c6 6. h5 Nxh5 7. Rxh5 gxh5 8. Qxh5 Nd7 9. Qh2 Nf6 10. O-O-O Bf5 11. Nf3 Ne4 12. Nxe4 Bxe4 13. Ne5 Bxe5 14. Bxe5 f6 15. Bf4 Qa5 16. a3 Kf7 17. f3 Bg6 18. g4 c5 19. g5 cxd4 20. gxf6 Rac8 21. Bd3 exf6 22. exd4 Bxd3 23. Rxd3 h5 24. Re3 Qa4 25. Kb1 Qxd4 26. Rd3 Qc4 27. b3 Qc6 28. Bc1 h4 29. Bb2 h3 30. c4 Qe6 31. Rd4 dxc4 32. bxc4 Rxc4 33. Rd6 Qf5+ 34. Ka1 Rc6 35. Rd2 Rg8 36. Qh1 Rg5 37. Qd1 Kg6 38. Rh2 Rg2 39. Rxg2+ hxg2 40. Qg1 Rc2 0-1


[Site "https://www.chess.com"]

[Event "Titled Tuesday Blitz June 21 Late 2022"]
[White "Boyer, Mahel"]
[Black "Gubajdullin, Alexei"]
[WhiteFideId "45102422"]
[BlackFideId "4141202"]
[WhiteElo "2400"]
[BlackElo "2280"]
[Result "0-1"]
[Round "06"]
[TimeControl "180+1"]
[Date "2022.06.21"]
[WhiteClock "0:00:02"]
[BlackClock "0:01:13"]

1. d4 g6 2. Bf4 Bg7 3. e3 Nf6 4. Nc3 O-O 5. h4 h6 6. g4 h5 7. g5 Ne8 8. Bd3 c5 9. Nge2 cxd4 10. exd4 d5 11. Qd2 Nc6 12. O-O-O Bg4 13. Qe3 e5 14. Bxe5 Bxe5 15. f3 Be6 16. dxe5 d4 17. Qf4 dxc3 18. Nxc3 Qa5 19. Rhe1 Ng7 20. a3 Kh8 21. Qf6 Rac8 22. f4 Nd4 23. Be4 Rxc3 24. Rxd4 Rxc2+ 25. Kxc2 Qxe1 26. Bxb7 Bf5+ 27. Kb3 Qf2 28. Rb4 Qc2+ 29. Ka2 Be6+ 0-1


[Site "https://www.chess.com"]

[Event "Titled Tuesday Blitz June 21 Late 2022"]
[White "Burke, Paul"]
[Black "Urbina Perez, Juan Antonio"]
[WhiteFideId "2605767"]
[BlackFideId "2217368"]
[WhiteElo "2017"]
[BlackElo "2192"]
[Result "0-1"]
[Round "06"]
[TimeControl "180+1"]
[Date "2022.06.22"]
[WhiteClock "0:00:59"]
[BlackClock "0:01:26"]

1. e4 c5 2. d4 cxd4 3. c3 Nf6 4. Bd3 Nc6 5. cxd4 Nxd4 6. Be3 Nc6 7. Nf3 d6 8. O-O g6 9. Nc3 Bg7 10. a3 O-O 11. Rc1 Bg4 12. Qb3 Bxf3 13. gxf3 Ne5 14. Be2 Qd7 15. Rfd1 Qh3 16. Nd5 Nxd5 17. Qxd5 Nxf3+ 18. Bxf3 Qxf3 19. Rc7 Be5 20. Rxe7 Rfe8 21. Rxe8+ Rxe8 22. Kf1 Bxh2 23. Rc1 Rxe4 24. Rc8+ Kg7 25. Bd4+ Kh6 26. Be3+ Rxe3 27. Qxf3 Rxf3 28. Kg2 Rf6 29. Kxh2 Rxf2+ 30. Kg3 Rxb2 31. Rc7 Kg7 32. Rc3 d5 33. Rd3 d4 34. Rxd4 Rb3+ 0-1


[Site "https://www.chess.com"]

[Event "Titled Tuesday Blitz June 21 Late 2022"]
[White "Cappelletto, Joshuaede"]
[Black "Stanisz, Patryk"]
[WhiteFideId "2824383"]
[BlackFideId "1123106"]
[WhiteElo "1761"]
[BlackElo "1833"]
[Result "1-0"]
[Round "06"]
[TimeControl "180+1"]
[Date "2022.06.22"]
[WhiteClock "0:00:20"]
[BlackClock "0:00:03"]

1. Nf3 f5 2. g3 Nf6 3. Bg2 g6 4. O-O d6 5. d4 Bg7 6. c4 O-O 7. Nc3 Qe8 8. Rb1 a5 9. a3 c6 10. b4 axb4 11. axb4 e5 12. b5 h6 13. Qb3 Kh7 14. Ba3 e4 15. Ne1 Qd7 16. f3 Qe6 17. Nc2 Nbd7 18. Rbe1 Re8 19. Bb2 c5 20. d5 Qe7 21. fxe4 fxe4 22. Ne3 Nf8 23. Qc2 Kh8 24. Nxe4 Nxe4 25. Bxe4 Qxe4 26. Rxf8+ Kh7 27. Qxe4 Rxe4 28. Rf7 Rxe3 29. Rxg7+ Kh8 30. Re7+ Re5 31. Bxe5+ dxe5 32. Re8+ Kg7 33. Rf1 b6 34. d6 Bb7 35. Rxa8 Bxa8 36. d7 1-0


[Site "https://www.chess.com"]

[Event "Titled Tuesday Blitz June 21 Late 2022"]
[White "Carrasco Miranda, Andres"]
[Black "Harvey, Marcus R"]
[WhiteFideId "3405990"]
[BlackFideId "400092"]
[WhiteElo "2177"]
[BlackElo "2485"]
[Result "0-1"]
[Round "06"]
[TimeControl "180+1"]
[Date "2022.06.22"]
[WhiteClock "0:00:50"]
[BlackClock "0:00:15"]

1. d4 e6 2. c4 Nf6 3. g3 Bb4+ 4. Nc3 O-O 5. Bg2 d5 6. Nf3 dxc4 7. O-O a6 8. Ne5 c5 9. dxc5 Qxd1 10. Rxd1 Bxc5 11. Nxc4 Nc6 12. Bf4 e5 13. Be3 Bxe3 14. Nxe3 Nd4 15. Ncd5 Nxd5 16. Bxd5 Nxe2+ 17. Kf1 Nd4 18. Rac1 Bh3+ 19. Bg2 Bxg2+ 20. Kxg2 Rfc8 21. Nd5 Kf8 22. Nb6 Rxc1 23. Rxc1 Rd8 24. Rd1 f6 25. Rc1 Nc6 26. Rc2 Rd4 27. b3 Ke7 28. h4 g6 29. Kf1 Kd6 30. Nc4+ Kc7 31. Ne3 f5 32. Rc5 Kd6 33. Rc2 b5 34. h5 f4 35. hxg6 hxg6 36. gxf4 exf4 37. Ng4 f3 38. Ne3 Nb4 39. Rc8 Nxa2 40. Rd8+ Kc5 41. Rc8+ Kb6 42. Rb8+ Ka5 43. Ra8 Nc1 44. Kg1 Nxb3 45. Kh2 Nc5 46. Kg3 b4 47. Kxf3 b3 48. Rc8 b2 49. Rxc5+ Kb6 50. Nc4+ Rxc4 51. Rxc4 b1=Q 52. Rg4 Qf5+ 53. Kg3 a5 54. f4 a4 55. Rg5 Qxg5+ 56. fxg5 a3 57. Kf4 a2 58. Ke5 a1=Q+ 59. Ke6 Qg7 60. Kd5 Kc7 61. Ke6 Kd8 62. Kd5 Ke7 63. Ke4 Qf8 64. Ke3 Qf5 65. Kd4 Ke6 66. Ke3 Kd5 67. Kd2 Qf3 68. Ke1 Kc4 69. Kd2 Kb3 70. Ke1 Qg2 71. Kd1 Kc3 72. Ke1 Kd3 73. Kd1 Qd2# 0-1


[Site "https://www.chess.com"]

[Event "Titled Tuesday Blitz June 21 Late 2022"]
[White "Chigaev, Maksim"]
[Black "Zlatin, Alexander"]
[WhiteFideId "4108116"]
[BlackFideId "2810549"]
[WhiteElo "2457"]
[BlackElo "2228"]
[Result "1-0"]
[Round "06"]
[TimeControl "180+1"]
[Date "2022.06.21"]
[WhiteClock "0:00:04"]
[BlackClock "0:00:03"]

1. e4 e5 2. Nf3 Nc6 3. g3 Nf6 4. d3 d5 5. exd5 Nxd5 6. Bg2 Be6 7. O-O Bd6 8. Re1 O-O 9. Ng5 h6 10. Nxe6 fxe6 11. Nd2 Nf6 12. Nc4 Bc5 13. Be3 Bxe3 14. Rxe3 Nd5 15. Re1 Qf6 16. Rf1 Nd4 17. Nd2 c6 18. c3 Nf5 19. Ne4 Qe7 20. Qe2 Rad8 21. Rfe1 b5 22. Rad1 b4 23. Qc2 Rb8 24. Re2 bxc3 25. bxc3 Qa3 26. h4 Rb6 27. Qc1 Qxc1 28. Rxc1 Rfb8 29. Rec2 Rb2 30. Nc5 Rxc2 31. Rxc2 Rb1+ 32. Kh2 Kf7 33. Nd7 Ke7 34. Nxe5 c5 35. Be4 Nf6 36. Re2 Nxe4 37. dxe4 Nd6 38. Ng6+ Kd7 39. Rd2 Kc7 40. f3 Nc4 41. Rc2 Ne3 42. Re2 Nc4 43. Nf4 e5 44. Ne6+ Kc6 45. Nxg7 a5 46. Nf5 a4 47. Nxh6 a3 48. Nf5 Rb2 49. Rg2 Nd2 50. Kh3 Nxf3 51. g4 Ne1 52. Rh2 Nf3 53. Rg2 Ne1 54. Rg3 Rxa2 55. c4 Nc2 56. g5 Ra1 57. Ne7+ Kd7 58. Nd5 a2 59. Kg4 Rf1 60. Kh5 a1=Q 61. g6 Qa6 62. g7 Qe6 63. g8=Q Qxg8 64. Rxg8 Nd4 65. Rg7+ Kd6 66. Rg6+ Kd7 67. Kh6 Nf3 68. h5 Nh4 69. Rf6 Rxf6+ 70. Nxf6+ Ke6 71. Nd5 Nf3 72. Kg7 Nd2 73. h6 Nxe4 74. h7 1-0


[Site "https://www.chess.com"]

[Event "Titled Tuesday Blitz June 21 Late 2022"]
[White "Colpe, Malte"]
[Black "Domingo Nunez, Alejandro"]
[WhiteFideId "24623075"]
[BlackFideId "22245561"]
[WhiteElo "2328"]
[BlackElo "2215"]
[Result "1/2-1/2"]
[Round "06"]
[TimeControl "180+1"]
[Date "2022.06.22"]
[WhiteClock "0:00:07"]
[BlackClock "0:00:06"]

1. d4 Nf6 2. c4 g6 3. Nc3 Bg7 4. e4 d6 5. f4 O-O 6. Nf3 c5 7. d5 Bg4 8. Be2 e6 9. O-O exd5 10. cxd5 Re8 11. h3 Bxf3 12. Bxf3 Nfd7 13. Be3 Na6 14. Qd2 c4 15. Be2 Nac5 16. e5 dxe5 17. f5 e4 18. Bxc4 Ne5 19. Bb5 Ncd7 20. Nxe4 a6 21. Be2 Qh4 22. Rf4 Qd8 23. Raf1 Bh6 24. R4f2 Bxe3 25. Qxe3 Qb6 26. Qxb6 Nxb6 27. Nf6+ Kg7 28. Nxe8+ Rxe8 29. f6+ Kh6 30. Rd1 Rc8 31. d6 Nbd7 32. Bg4 Nxg4 33. hxg4 Kg5 34. Rd5+ Kxg4 35. Kh2 Rc4 36. g3 g5 37. Rfd2 h5 38. R2d4+ Rxd4 39. Rxd4+ Kf5 40. g4+ hxg4 41. Kg3 Kxf6 42. Kxg4 Ke5 43. Rd1 f6 44. Rd2 Ke6 45. b4 Ne5+ 46. Kh5 Kd7 47. a4 Nc4 48. Rd1 Nxd6 49. Kg6 f5 50. Kxg5 Ke6 51. Kf4 Ne4 52. Rh1 Nc3 53. Rh6+ Kd5 54. a5 Kc4 55. Rh7 Kxb4 56. Rxb7+ Kxa5 57. Kxf5 Nb5 58. Ke5 Kb4 59. Kd5 Kc3 60. Kc5 Na3 61. Kb6 a5 62. Kxa5 Nc4+ 63. Ka6 Kd4 64. Rd7+ Kc5 65. Rc7+ Kd5 66. Kb5 Nd6+ 67. Kb4 Ne4 68. Rd7+ Kc6 69. Rd8 Nd6 70. Rh8 Kd5 71. Rh5+ Kd4 72. Rh6 Kd5 73. Kc3 Ne4+ 74. Kd3 Nc5+ 75. Ke3 Ne6 76. Rh5+ Kd6 77. Ke4 Nc5+ 78. Kd4 Ne6+ 79. Kc4 Nc7 80. Rh6+ Kd7 81. Kc5 Ne6+ 82. Kd5 Nf4+ 83. Ke5 Nd3+ 84. Kd4 Nf4 85. Ke5 Nd3+ 86. Ke4 Nc5+ 87. Kd5 Nb7 88. Rh7+ Kc8 89. Kc6 Nd8+ 90. Kb6 Kb8 91. Rg7 Kc8 92. Rh7 Kb8 93. Ka6 Kc8 94. Kb6 1/2-1/2


[Site "https://www.chess.com"]

[Event "Titled Tuesday Blitz June 21 Late 2022"]
[White "D`Arruda, Ricardo D."]
[Black "Hnydiuk, Aleksander"]
[WhiteFideId "100692"]
[BlackFideId "1109057"]
[WhiteElo "2509"]
[BlackElo "2626"]
[Result "0-1"]
[Round "06"]
[TimeControl "180+1"]
[Date "2022.06.22"]
[WhiteClock "0:00:17"]
[BlackClock "0:01:00"]

1. Nf3 Nf6 2. d4 g6 3. Nc3 Bg7 4. e4 d5 5. exd5 Nxd5 6. Bc4 Nxc3 7. bxc3 O-O 8. O-O c5 9. Be3 Nc6 10. h3 Bf5 11. Rb1 Rc8 12. dxc5 Qxd1 13. Rbxd1 Bxc3 14. Bd3 Be6 15. a4 Rfd8 16. Ng5 Bd5 17. Ne4 Bd4 18. c4 Bxe4 19. Bxe4 Bxe3 20. fxe3 Na5 21. Rd4 Nb3 22. Rxd8+ Rxd8 23. Bxb7 Nxc5 24. Bc6 Rc8 25. Bf3 Nxa4 26. Ra1 Rxc4 27. Be2 Rb4 28. Bf3 a6 29. Bd1 Nc3 30. Bf3 Ra4 31. Rc1 Ra3 32. Kf2 a5 33. Ke1 e6 34. Kd2 Nd5 35. Bxd5 exd5 36. Rc5 Ra2+ 37. Kd3 Rxg2 38. Rxa5 Rh2 39. Rxd5 Rxh3 40. Rd8+ Kg7 41. Kd4 Rh4+ 42. Kd3 Rh5 0-1


[Site "https://www.chess.com"]

[Event "Titled Tuesday Blitz June 21 Late 2022"]
[White "Dardha, Daniel"]
[Black "Kamsky, Gata"]
[WhiteFideId "240990"]
[BlackFideId "2000024"]
[WhiteElo "2482"]
[BlackElo "2645"]
[Result "0-1"]
[Round "06"]
[TimeControl "180+1"]
[Date "2022.06.21"]
[WhiteClock "0:00:02"]
[BlackClock "0:00:03"]

1. e4 e5 2. Nf3 Nc6 3. Nc3 Nf6 4. a3 g6 5. Bc4 Bg7 6. d3 d6 7. h3 a6 8. O-O h6 9. Be3 O-O 10. Nd5 Nxd5 11. Bxd5 Be6 12. Bxe6 fxe6 13. c3 Kh7 14. Qe2 Qd7 15. d4 Rf7 16. Rad1 Raf8 17. dxe5 Nxe5 18. Nxe5 Bxe5 19. Bd4 Bg7 20. f3 Qb5 21. Qd2 a5 22. Kh1 a4 23. Rfe1 e5 24. Bg1 Qc4 25. Qd5 b5 26. Qxc4 bxc4 27. Rd5 Rb8 28. Re2 Bf8 29. Ra5 c5 30. Be3 Rfb7 31. Bc1 h5 32. g4 Bh6 33. g5 Bf8 34. Rxa4 Rb3 35. Rxc4 Ra8 36. Kg2 Kg8 37. Kf1 Kf7 38. Ke1 Ke6 39. Rd2 Be7 40. h4 Rf8 41. Rd3 Ra8 42. Kd1 Bd8 43. Kc2 Rb7 44. b4 Be7 45. Kb3 Rba7 46. b5 Ra5 47. a4 Bd8 48. f4 exf4 49. Bxf4 Be7 50. Bd2 R5a7 51. Rf3 Rb7 52. Kc2 Rba7 53. Kb3 Rb7 54. Be1 Rba7 55. Bf2 Rc7 56. Rd3 Rf8 57. Bg3 Ra7 58. Be1 Rf1 59. Bd2 Rf8 60. Kc2 Rfa8 61. Kb3 Rf8 62. Be3 Rc8 63. Kc2 Rca8 64. e5 d5 65. Rxc5 Bxc5 66. Bxc5 Rxa4 67. Rf3 Kxe5 68. b6 Ra2+ 69. Kb3 Ra1 70. Bd4+ Ke4 71. Rf6 Kd3 72. Kb4 R8a5 73. Kb3 Rb1# 0-1


[Site "https://www.chess.com"]

[Event "Titled Tuesday Blitz June 21 Late 2022"]
[White "De La Colina, Nicolas"]
[Black "Vidonyak, Roman"]
[WhiteFideId "30946921"]
[BlackFideId "14100622"]
[WhiteElo "2046"]
[BlackElo "2356"]
[Result "1-0"]
[Round "06"]
[TimeControl "180+1"]
[Date "2022.06.22"]
[WhiteClock "0:00:13"]
[BlackClock "0:00:07"]

1. e4 c5 2. Nf3 d6 3. Bb5+ Nd7 4. a4 Nf6 5. Nc3 e6 6. d3 Be7 7. O-O O-O 8. Re1 a6 9. Bc4 b6 10. h3 Bb7 11. Bf4 Rc8 12. Qe2 Re8 13. Bb3 d5 14. Rad1 d4 15. Nb1 b5 16. axb5 axb5 17. Nbd2 Nb6 18. c3 c4 19. dxc4 d3 20. Qf1 bxc4 21. Ba2 Ra8 22. Bxc4 Nxc4 23. Nxc4 Ba6 24. Rxd3 Qc8 25. b3 Qb7 26. Nfd2 Rec8 27. Qe2 Bxc4 28. bxc4 Ra2 29. Qf3 Qb2 30. Bd6 Bd8 31. Bb4 Bc7 32. e5 Ra1 33. Qe2 Rxe1+ 34. Qxe1 Ne8 35. Nf3 h6 36. g3 Qc2 37. Qd2 Qb1+ 38. Qd1 Qa2 39. Rd4 Qa8 40. Qe2 Bb6 41. Re4 Qc6 42. c5 Bxc5 43. Bxc5 Qxc5 44. Re3 Nc7 45. Rd3 Nd5 46. Kg2 Nxc3 47. Qc2 Nd5 48. Qxc5 Rxc5 49. Ra3 Kh7 50. Ra7 Kg6 51. Nh4+ Kh7 52. Rxf7 Nc3 53. Re7 Rxe5 54. Nf3 Re2 55. Nd4 Re4 56. Nxe6 Ra4 57. Rxg7+ Kh8 58. Rc7 Ra6 59. Rxc3 Rxe6 60. Rc8+ Kg7 61. Rc4 Rf6 62. Rh4 Re6 63. Rf4 Rd6 64. h4 Rc6 65. Rf3 Rb6 66. Re3 Rd6 67. Re5 Rb6 68. Rc5 Rd6 69. g4 Rd4 70. Kg3 Rd3+ 71. f3 Rd4 72. h5 Rb4 73. Rc6 Rd4 74. Rg6+ Kh7 75. Ra6 Rd1 76. Kf4 Rd4+ 77. Kf5 Rd3 78. f4 Rd5+ 79. Ke4 Rd1 80. Ra7+ Kg8 81. g5 Re1+ 82. Kf5 hxg5 83. fxg5 Rf1+ 84. Kg6 1-0


[Site "https://www.chess.com"]